Cogmind - Beta 16.1 @@@ ROGUE MODE // 2026.04.10 @ 23:59:16 Player: mephiles96 Result: Destroyed by as-86697 with Assembled Maul Performance ------------- Evolutions (0) 0 Regions Visited (4) 800 Robots Destroyed (18) 90 Value Destroyed (282) 282 Prototype IDs (23) 460 Alien Tech Used (0) 0 Bonus (300) 300 TOTAL SCORE: 1932 Bonus ------- Aligned with FarCom 300 Cogmind --------- Core Integrity 0/250 Matter 300/300 Energy 100/100 System Corruption 20% Temperature Cool (0) Movement Core (350) Ox6 Location -9/Mines Parts ------- > --- POWER (1) -------- (None) > --- PROPULSION (2) --- (None) > --- UTILITY (2) ------ Large Storage Unit > --- WEAPON (2) ------- (None) > --- INVENTORY (15) --- Light Nuclear Core Flight Unit Flight Unit Flight Unit Flight Unit Small Matter Pod (48) Seismic Detector Light Armor Plating Skeleton Box Light Assault Rifle Mining Claw Peak State ------------ > --- POWER ------------ Light Ion Engine > --- PROPULSION ------- Light Treads Light Treads > --- UTILITY ---------- Medium Storage Unit Improved Terrain Scanner > --- WEAPON ----------- Light Assault Rifle Heavy Assault Rifle > --- INVENTORY -------- Light Nuclear Core Wheel Flight Unit Flight Unit Flight Unit Flight Unit Light Armor Plating Skeleton Box Grenade Launcher Mining Claw [Rating: 11] Favorites ----------- Power Light Ion Engine Engine Light Ion Engine Propulsion Light Treads Treads Light Treads Wheel Wheel Utility Seismic Detector Device Seismic Detector Storage Medium Storage Unit Weapon Assault Rifle Ballistic Gun Assault Rifle Launcher Grenade Launcher Build | -11 -10 -10 -10 -9 ------- Run | Yrd Mat Min Exi Min Slots Evolved . | . . . . . Power . | . . . . . Propulsion . | . . . . . Utility . | . . . . . Weapon . | . . . . . Parts Attached 17 | 7 3 3 3 1 Power 2 | 1 1 . . . Engine 2 | 1 1 . . . Core . | . . . . . Reactor . | . . . . . Propulsion 3 | 2 . . . 1 Treads 2 | 2 . . . . Leg . | . . . . . Wheel 1 | . . . . 1 Hover . | . . . . . Flight . | . . . . . Utility 7 | 2 1 1 3 . Device 3 | 1 . 1 1 . Storage 4 | 1 1 . 2 . Processor . | . . . . . Hackware . | . . . . . Protection . | . . . . . Artifact . | . . . . . Weapon 5 | 2 1 2 . . Energy Gun . | . . . . . Energy Cannon . | . . . . . Ballistic Gun 4 | 2 1 1 . . Ballistic Cannon . | . . . . . Launcher 1 | . . 1 . . Special Weapon . | . . . . . Impact Weapon . | . . . . . Slashing Weapon . | . . . . . Piercing Weapon . | . . . . . Special Melee Weapon . | . . . . . Unidentified Prototypes . | . . . . . Parts Lost 7 | . . . . 7 Power 1 | . . . . 1 Propulsion 3 | . . . . 3 Utility 1 | . . . . 1 Weapon 2 | . . . . 2 Highest Loss Streak 7 | . . . . 7 To Critical Strikes . | . . . . . Average Backups 9 | 6 8 9 10 11 Power . | . 1 1 1 1 Propulsion 4 | 3 2 4 4 4 Utility 2 | 1 3 2 1 3 Weapon 1 | 1 2 1 1 2 Tool/Special . | . . . . . Unused Backups 17 | 2 2 3 1 9 Power 2 | 1 . . . 1 Propulsion 7 | 1 2 . . 4 Utility 5 | . . 2 1 2 Weapon 2 | . . 1 . 1 Tool/Special 1 | . . . . 1 Average Slot Usage (%) 98 | . 100 100 98 88 Engine 13 | . 14 14 14 12 Treads 27 | . 28 28 28 24 Device 13 | . 14 14 13 11 Storage 13 | . 14 14 13 14 Ballistic Gun 27 | . 28 27 28 22 Peak Build Rating 11 | 8 8 9 11 11 Average Rating 8 | 6 7 8 10 9 On Entrance 7 | . 8 8 9 11 Avg Prop Armor Cover (%) . | . . . . . Naked Turns . | . . . . . Heaviest Build 30 | 15 20 18 28 30 Greatest Support 40 | 40 40 40 40 40 Greatest Overweight (x) 6 | . . . . 6 Average Overweight (x) . | . . . . . Largest Inventory Capacity 35 | 8 10 10 35 15 Average Capacity 10 | 7 8 10 12 15 Most Carried 15 | 8 10 10 15 12 Average Carried 9 | 6 8 9 10 11 Final Capacity 15 | 8 10 10 15 15 Final Carried 12 | 8 10 10 12 11 Class Distribution -------------------- 93% | Mutant 6% | Skirmisher Dominant Class ---------------- Mutant | -10/Materials Mutant | -10/Mines Mutant | -10/Exiles Skirmisher | -9/Mines Resources | -11 -10 -10 -10 -9 ----------- Run | Yrd Mat Min Exi Min Matter Collected 696 | 336 116 142 40 62 Remotely . | . . . . . Salvage Created 561 | 174 235 131 . 21 Parts 36 | 17 8 10 . 1 Haulers Intercepted 1 | . 1 . . . Recyclers Shooed 4 | 1 2 1 . . Parts Field Recycled . | . . . . . Retrieved Matter . | . . . . . Parts Self-Destructed . | . . . . . Prevented . | . . . . . Parts Restored . | . . . . . Kills | -11 -10 -10 -10 -9 ------- Run | Yrd Mat Min Exi Min Combat Hostiles Destroyed 11 | . 3 5 . 3 Guns 3 | . 3 . . . AOE 8 | . . 5 . 3 Classes Destroyed 7 | 2 2 1 . 2 Worker 1 | . . . . 1 Tunneler 5 | 5 . . . . Hauler 1 | . 1 . . . Recycler 3 | 1 1 1 . . Swarmer 3 | . . 3 . . Grunt 5 | . 3 2 . . Assembled 3 | . . . . 3 Best Kill Streak 4 | 2 3 4 . 4 Combat Bots Only 3 | . 2 3 . 3 Max Kills in Single Turn 3 | 1 1 2 . 3 Gunslinging . | . . . . . Exploded 3 | . . 2 . 3 Melee . | . . . . . Uniques/NPCs Destroyed . | . . . . . Combat | -11 -10 -10 -10 -9 -------- Run | Yrd Mat Min Exi Min Hostile Shots Fired 89 | . 26 12 . 51 Missed 25 | . 6 7 . 12 Hits 64 | . 20 5 . 39 Melee 18 | . . . . 18 Projectile 46 | . 20 5 . 21 Damage Taken 1119 | . 282 92 . 745 Core 252 | . 22 27 . 203 Absorbed by Shields . | . . . . . Core Remaining (%) 100 | 100 . . . . Volleys Fired 39 | 11 15 10 . 3 Largest 2 | 2 2 2 . 2 Hottest 53 | 40 40 40 . 53 Shots Fired 71 | 22 30 13 . 6 Gun 61 | 22 30 6 . 3 Cannon . | . . . . . Launcher 10 | . . 7 . 3 Special . | . . . . . Kinetic 61 | 22 30 6 . 3 Thermal . | . . . . . Explosive 10 | . . 7 . 3 Electromagnetic . | . . . . . Robot Hit Streak 10 | 3 10 6 . . Robot Miss Streak 5 | 5 5 1 . 2 Penetration Max . | . . . . . Secondary Targets . | . . . . . Shots Hit Robots 36 | 10 19 7 . . Core Hits 37 | 7 9 10 . 11 Critical Kills . | . . . . . Critical Parts Destroyed . | . . . . . Critical Strikes . | . . . . . Melee Attacks . | . . . . . Impact . | . . . . . Slashing . | . . . . . Piercing . | . . . . . Sneak Attacks . | . . . . . Combat Hostiles . | . . . . . Follow-up Attacks . | . . . . . Damage Inflicted 1137 | 123 241 440 . 333 Guns 436 | 123 241 56 . 16 Cannons . | . . . . . Explosions 696 | . . 384 . 312 Melee . | . . . . . Ramming 5 | . . . . 5 Kinetic 436 | 123 241 56 . 16 Thermal . | . . . . . Explosive 696 | . . 384 . 312 Electromagnetic . | . . . . . Impact . | . . . . . Slashing . | . . . . . Piercing . | . . . . . Highest Corruption 20 | . . . . 20 Average Corruption 13 | . . . . 13 Corruption Purged . | . . . . . Corruption Blocked . | . . . . . Effects 1 | . . . . 1 Heat Flow Errors 1 | . . . . 1 Overload Shots . | . . . . . Overflow Damage 10 | . . 8 . 2 Projectiles . | . . . . . Explosions 10 | . . 8 . 2 Melee . | . . . . . Knockbacks . | . . . . . Impact . | . . . . . Kinetic . | . . . . . Secondary . | . . . . . Self-Inflicted Damage 47 | . . 10 . 37 Shots 3 | . . 1 . 2 Rammed 2 | . . . . 2 Targets Rammed 2 | . . . . 2 Kicked . | . . . . . Crushed . | . . . . . Highest Temperature 204 | . 2 4 . 204 Average Temperature 53 | . 2 4 . 104 Received Heat Transfer 211 | . 144 27 . 40 Siege Activations . | . . . . . Martial Activations . | . . . . . Shielding Activations . | . . . . . Robots Disrupted . | . . . . . Combat Hostiles . | . . . . . Robots Corrupted . | . . . . . Combat Hostiles . | . . . . . Parts Fried . | . . . . . Impact Corruptions . | . . . . . Robots Melted . | . . . . . Combat Hostiles . | . . . . . Parts Melted . | . . . . . Heat Transferred . | . . . . . Parts Sabotaged . | . . . . . Parts Stolen . | . . . . . Parts Stripped . | . . . . . Power Chain Reactions . | . . . . . Alert | -11 -10 -10 -10 -9 ------- Run | Yrd Mat Min Exi Min Maximum Alert Level . | . . . . . Low Security (%) 100 | 100 100 100 . 100 Level 1 . | . . . . . Level 2 . | . . . . . Level 3 . | . . . . . Level 4 . | . . . . . Level 5 . | . . . . . High Security . | . . . . . Max Security . | . . . . . Peak Influence 89 | 10 51 89 . 26 Initial 1 | . . 1 . . Average 10 | . 7 25 . . Influence Increases 312 | 30 107 149 . 26 Destroy 0b10 Robot/C 160 | . 60 100 . . Destroy 0b10 Robot/NC 50 | 30 10 5 . 5 Destroy Leader 32 | . 12 20 . . Trap Triggered on 0b10 10 | . 10 . . . Successful Hack 14 | . 14 . . . Destroy Structure 46 | . 1 24 . 21 Influence Decreases 312 | 30 102 154 . 26 Entered New Map 4 | . . 4 . . Time Decay 292 | 30 102 150 . 10 Lost Part 16 | . . . . 16 Squads Dispatched 1 | . 1 . . . Investigation 1 | . 1 . . . Extermination . | . . . . . Reinforcement . | . . . . . Assault . | . . . . . Garrison . | . . . . . Intercept . | . . . . . Searches Triggered . | . . . . . Construction Impeded . | . . . . . Haulers Reinforced . | . . . . . Active Scanning Responses . | . . . . . Cargo Convoy Interrupts . | . . . . . Stealth | -11 -10 -10 -10 -9 --------- Run | Yrd Mat Min Exi Min Distress Signals 2 | . 2 . . . Communications Jammed . | . . . . . Distress Signals . | . . . . . Times Spotted 30 | . 9 6 . 15 Peak Tracking Total 12 | . 4 3 . 12 Tactical Retreats 1 | . . . . 1 Traps | -11 -10 -10 -10 -9 ------- Run | Yrd Mat Min Exi Min Traps Triggered 2 | . 1 1 . . Indirectly . | . . . . . Trap Hack Attempts . | . . . . . Triggered . | . . . . . Disarmed . | . . . . . Reprogrammed 6 | . 6 . . . Reused 1 | . 1 . . . Traps Extracted . | . . . . . Installed . | . . . . . Triggered 1 | . 1 . . . Machines | -11 -10 -10 -10 -9 ---------- Run | Yrd Mat Min Exi Min Machines Disabled . | . . . . . Max in Single Turn . | . . . . . Machines Repaired . | . . . . . Machines Dismantled . | . . . . . Machines Sabotaged . | . . . . . Overloaded Fab Kills . | . . . . . Hacking | -11 -10 -10 -10 -9 --------- Run | Yrd Mat Min Exi Min Machines Accessed 6 | . 4 1 1 . Terminals 4 | . 4 . . . Fabricators . | . . . . . Repair Stations . | . . . . . Recycling Units . | . . . . . Scanalyzers . | . . . . . Garrison Access . | . . . . . Total Hacks 13 | . 11 1 1 . Successful 7 | . 5 1 1 . Failed 6 | . 6 . . . Catastrophic 1 | . 1 . . . Database Lockouts . | . . . . . Manual 14 | . 13 . 1 . Terminals 11 | . 11 . . . Fabricators . | . . . . . Repair Stations . | . . . . . Recycling Units . | . . . . . Scanalyzers . | . . . . . Garrison Access . | . . . . . Terminal Hacks 5 | . 3 1 1 . Robot Analysis 1 | . 1 . . . Open Door 1 | . . 1 . . Terminal Index 1 | . 1 . . . Reprogram Traps 1 | . 1 . . . Proto ID Catalog 1 | . . . 1 . Fabricator Hacks . | . . . . . Repair Station Hacks . | . . . . . Recycling Unit Hacks . | . . . . . Scanalyzer . | . . . . . Garrison Access Hacks . | . . . . . Unauthorized Hacks 2 | . 2 . . . Terminals 2 | . 2 . . . Track 2 | . 2 . . . Fabricators . | . . . . . Repair Stations . | . . . . . Recycling Units . | . . . . . Scanalyzers . | . . . . . Garrison Access . | . . . . . Data Cores Recovered . | . . . . . Used . | . . . . . Hacking Detections 4 | . 4 . . . Full Trace Events 1 | . 1 . . . Feedback Events . | . . . . . Feedback Blocked . | . . . . . Robot Schematics Acquired . | . . . . . Robots Built . | . . . . . Authchips . | . . . . . Time . | . . . . . Total Robot Build Rating . | . . . . . Part Schematics Acquired . | . . . . . Parts Built . | . . . . . Authchips . | . . . . . Time . | . . . . . Total Part Build Rating . | . . . . . Part Studies Acquired . | . . . . . Parts Repaired . | . . . . . Time . | . . . . . Parts Recycled . | . . . . . Recycled Matter . | . . . . . Retrieved Matter . | . . . . . Retrieved Components . | . . . . . Parts Scanalyzed . | . . . . . Part Schematics Acquired . | . . . . . Parts Damaged . | . . . . . Bothacking | -11 -10 -10 -10 -9 ------------ Run | Yrd Mat Min Exi Min Used RIF Installer . | . . . . . Robots Hacked . | . . . . . Non-combat . | . . . . . Combat . | . . . . . Robot Hacks Applied . | . . . . . Relay Couplers Released . | . . . . . Fabnet Peak Effective % . | . . . . . Robots Rewired . | . . . . . Allies Hacked . | . . . . . Hacks Repelled . | . . . . . Allies | -11 -10 -10 -10 -9 -------- Run | Yrd Mat Min Exi Min Total Allies . | . . . . . Largest Group . | . . . . . Highest-Rated Group . | . . . . . Highest-Rated Ally . | . . . . . Total Orders . | . . . . . Ally Attacks . | . . . . . Total Damage . | . . . . . Kills . | . . . . . Allies Corrupted . | . . . . . Allies Melted . | . . . . . Intel | -11 -10 -10 -10 -9 ------- Run | Yrd Mat Min Exi Min Active Infowar (turns) 2310 | 87 574 529 922 198 Terrain 923 | . . . 725 198 Seismic 1387 | 87 574 529 197 . Robot Analysis Total 1 | . 1 . . . Derelict Logs Recovered 1 | . . . . 1 Drone Launches . | . . . . . Drone Recoveries . | . . . . . Exploration | -11 -10 -10 -10 -9 ------------- Run | Yrd Mat Min Exi Min Turns Passed 2648 | 309 574 529 985 251 Spaces Moved 1510 | 162 320 303 585 140 Core 9 | 4 . . . 5 Treads 1489 | 158 320 303 585 123 Legs . | . . . . . Wheels 12 | . . . . 12 Hover . | . . . . . Flight . | . . . . . Fastest Speed 50 | 50 160 160 160 95 Average Speed 159 | 157 160 160 160 162 Slowest Speed 350 | 160 160 160 160 350 Overloaded Moves . | . . . . . Propulsion Burnouts . | . . . . . Robots Hopped . | . . . . . Potential Cave-ins . | . . . . . Cave-ins Triggered . | . . . . . Exploration Rate (%) 45 | 6 37 57 91 35 Regions Visited 4 Branch Regions 3 Pre-discovered Areas . | . . . . . Known Exits Taken . | . . . . . Unknown Exits Taken 4 | 1 1 1 1 . Scrap Searched 2 | . . 1 . 1 Spaces Dug . | . . . . . Terrain Destroyed 53 | . . 32 . 21 Melee . | . . . . . Projectile . | . . . . . AOE 53 | . . 32 . 21 Terrain Rammed . | . . . . . Walls Destroyed . | . . . . . Machines Disabled . | . . . . . Actions | -11 -10 -10 -10 -9 --------- Run | Yrd Mat Min Exi Min Total 1680 | 192 354 336 641 157 Wait 47 | . 8 7 22 10 Move 1506 | 161 319 302 584 140 Hop . | . . . . . Pick Up 35 | 11 5 5 14 . Fast Attach 8 | 6 . . 2 . Attach 4 | 1 . . 2 1 Detach 1 | . . . 1 . Swap 11 | . 3 6 1 1 Drop 27 | 2 4 6 15 . Fire 39 | 11 15 10 . 3 Melee . | . . . . . Ram 2 | . . . . 2 Kick . | . . . . . Crush . | . . . . . Escape Stasis . | . . . . . Rewire . | . . . . . Trap . | . . . . . Miscellaneous . | . . . . . Route ------- -11/Scrapyard -10/Materials (discovered 2 exits: *Min x2) -10/Mines (discovered 2 exits: [*Mat] / *Exi) -10/Exiles (discovered 2 exits: [*Min x2]) -9/Mines History --------- Turn | Location | Event 36 | -11/Scrapyard | Discovered new exit (range 15) 310 | -11/Scrapyard | Entered Materials 310 | -10/Materials | Discovered new exit (range 8) 311 | -10/Materials | Build established: Mutant 605 | -10/Materials | Discovered new exit (range 8) 884 | -10/Materials | Entered Mines 891 | -10/Mines | Received a Rocket Launcher from a helpful Derelict 1003 | -10/Mines | Discovered new exit (range 10) 1068 | -10/Mines | Met a Derelict who couldn't figure out how to use a Trap Extractor 1308 | -10/Mines | Found a hidden stash of uninstalled traps 1356 | -10/Mines | Joined a pair of Derelicts in attacking an 0b10 outpost 1406 | -10/Mines | Deemed a non-threat by the Exiles lab entrance 1406 | -10/Mines | Discovered new exit (range 5) 1413 | -10/Mines | Entered Exiles 1437 | -10/Exiles | Discovered new exit (range 15) 1461 | -10/Exiles | Met 8R-AWN 1487 | -10/Exiles | Met EX-HEX 1540 | -10/Exiles | Met EX-BIN 1557 | -10/Exiles | Aligned with FarCom system 1559 | -10/Exiles | Given EX-Vault access code 1596 | -10/Exiles | Opened EX-Vault 1608 | -10/Exiles | Found Skeleton Box 1646 | -10/Exiles | Warned to stay clear of 0b10 Research branches 1697 | -10/Exiles | Met EX-DEC 1751 | -10/Exiles | Visited The Gauntlet 2382 | -10/Exiles | Discovered new exit (range 11) 2398 | -10/Exiles | Left Exiles lab with Skeleton Box 2398 | -10/Exiles | Entered Mines 2577 | -9/Mines | Assembled infested the area 2582 | -9/Mines | Assisted by a Guerilla fighting off Assembled 2617 | -9/Mines | Core integrity fell below 50% 2617 | -9/Mines | System corruption reached 10% 2640 | -9/Mines | Core integrity fell below 20% 2649 | -9/Mines | Destroyed by as-86697 with Assembled Maul Last Messages --------------- effect. 02602_ K-01 Serf system terminally corrupted. 02608_ Hvy. Assault Rifle destroyed. 02608_ System corrupted by crushing effect (+3). 02612_ Lgt. Treads destroyed. 02614_ K-01 Serf destroyed. 02616_ Lgt. Treads destroyed. 02616_ System corrupted by crushing effect (+2). 02619_ Acquired 18 matter. 02621_ Lgt. Ion Engine destroyed. 02621_ System corrupted by crushing effect (+4). 02621_ Knocked back. 02624_ Slammed into T-07 Excavator. 02632_ Wheel destroyed. 02632_ System corrupted by crushing effect (+5). 02635_ System corrupted: Heat flow error (+229). 02643_ Searching scrap... 02643_ Found Hvy. Hammer. 02643_ Found 44 Matter. 02644_ Acquired 44 matter. Map ----- +----------------------------------------------------+ | | | | | | | | | | | | | | | | | | | ??????????????????????????????????????? | | ??????????????????????????????????????? | | ??????????????????????????????????????? | | ??????????????????????????????????????? | | ??????????????????????????????????????? | | ??????????????????????????????????????? | | ??????????????????????????????????????? | | ??????????????????????????????????????? | | ??????????????????????????????????????? | | ??????????????????????????????????????? | | ??????????????????????????????????????? | | ??????????????????????????????????????? | | ??????#???????????????????????????????? | | ??????????????????????????????????????? | | ?? ? #???????????????????????????????? | | %??????????????????# ######??????????? | | ??????####???????# @ #??????????? | | %% ###### ##??????######a#??????????? | | ##?????#????#a#??????????? | | % ###???#????# #???###????? | | * ##???????# #??#$ ##???? | | ## #???????# ### #???? | | # # %% ### ##??????# #???? | | ??### * #?# ###????# ## #???? | | ????# ##?# *###### ## ##???? | | ????## #??## = = ### ##????? | | ?????# #???# ##########??###?????? | | ????## ##???## ###??????#???????????? | | ?????# #???#?#####????????????????????? | | ?????# #???#??????????????????????????? | | ?# ??# #????????#??????????#???????#??? | | ?# #?# #??#?????#?????#???????????????? | | ?# ### #???????????????????#??#???????? | | ?# #??#???????#??????????#####????? | | ?##### #?????????????????#??## #????? | | ??#??# #??????????????????#?# #????? | | ?????# #??????????????##???## #????? | | ?????# #??????????#????????# #?#???? | | ????## #????#???????#?????## ##?????? | | ?????# #??#???####????????# #??????? | | #????# #?#???## #####???# ##?????? | +----------------------------------------------------+ Best States ------------- Heat Dissipation 25 Energy Generation 10 Energy Capacity 250 Matter Stores 300 Matter Capacity 300 Sight Range 16 Terrain Scan Range 16 Terrain Scan Density 10 Evasion (%) 41 Recoil Reduction 2 Item Schematics ----------------- None Robot Schematics ------------------ None Fabricated ------------ Nothing Repaired ---------- Nothing Studied --------- None Alien Tech Used ----------------- None Achievements -------------- None Challenges ------------ None Game ------ Seed DisruptionAdvancedParser Manual? 0 Play Time 00:22:16 Cumulative 44.7 hours Start 2026.04.08 @ 00:21:25 End 2026.04.10 @ 23:59:16 Sessions 6 Manual Loads 0 Difficulty Rogue Special Mode None Game No. 56 Rogue 56 Adventurer 0 Explorer 0 Win Type - Total 0 Types 0/0/0/0/0/0/0/0/0/0 Lore% 16 Gallery% 32 Achievement% 25 Wizard Run 0 Options --------- Layout 2 ASCII 0 Keyboard 0 Movement Numpad Keybinds 1 Fullscreen 1 Font 24/Smallcaps Map View 50x44 Zoom Use 0% Tactical HUD 1 Map Filters NONE Filters NONE Steam 1 RUN: 23291da5-1b55-4bbe-8135-35de00dd7fa3